 Dungeon Crawl Stone Soup version 0.29-a0-271-gd4eb659eea (webtiles) character file.

Game seed: 13675229285869106532

10803 freelancePsychic the Destroyer (level 11, -9/69 HPs)
             Began as a Tengu Hunter on Mar 8, 2022.
             Was the Champion of Cheibriados.
             Mangled by a death yak (21 damage)
             ... on level 10 of the Dungeon.
             The game lasted 00:20:34 (8638 turns).

freelancePsychic the Destroyer (Tengu Hunter)       Turns: 8638, Time: 00:20:34

Health: -9/69      AC:  5    Str: 29    XL:     11   Next: 67%
Magic:  5/19       EV: 19    Int: 26    God:    Cheibriados [******]
Gold:   627        SH:  5    Dex: 39    Spells: 11/19 levels left

rFire   . . .      SeeInvis .   g - +1 shortbow (freeze)
rCold   . . .      Faith    .   (shield currently unavailable)
rNeg    . . .      Spirit   .   i - +0 troll leather armour {Pargi}
rPois   .          Reflect  +   (helmet restricted)
rElec   .          Harm     .   w - +0 cloak
rCorr   .          Rampage  .   (no gloves)
Will    .....                   (boots unavailable)
Stlth   ++++......              m - amulet of reflection
HPRegen 1.01/turn               p - +6 ring of dexterity
MPRegen 0.16/turn               f - +4 ring of slaying

@: flying quickly and evasively, very slow
A: beak, talons 3, nimble flight
a: Renounce Religion, Bend Time, Temporal Distortion, Slouch, Step From Time


You were on level 10 of the Dungeon.
You worshipped Cheibriados.
Cheibriados was exalted by your worship.
You visited 1 branch of the dungeon, and saw 10 of its levels.
You also visited: Bailey.

You collected 627 gold pieces.

Inventory:

Hand Weapons
 g - a +1 shortbow of freezing (weapon)
 J - the +4 bardiche "Gomifarr" {vorpal, rElec Int+8}
   (You took it off a gnoll sergeant in a bailey)

   It inflicts extra damage upon your enemies.
   Int:       It affects your intelligence (+8).
   rElec:     It insulates you from electricity.
Missiles
 H - 8 throwing nets
Armour
 b - a +0 leather armour
 i - a +0 troll leather armour (worn) {Pargi}
 w - a +0 cloak (worn)
Jewellery
 f - a +4 ring of slaying (right hand)
 m - an amulet of reflection (around neck)
 p - a +6 ring of dexterity (left hand)
 B - a ring of resist corrosion
 F - a +6 ring of intelligence
 K - a ring of wizardry
 L - a ring of protection from fire
Wands
 A - a wand of flame (8)
 C - a wand of digging (1)
 I - a wand of acid (5)
 M - a wand of paralysis (2)
Scrolls
 a - a scroll of vulnerability
 d - 2 scrolls of teleportation {@r4}
 n - a scroll of blinking
 o - 2 scrolls of enchant armour {unknown}
 r - a scroll of noise
 u - a scroll of torment
 v - a scroll of fog {unknown}
 y - 3 scrolls of identify {@r1}
 z - a scroll of immolation
 E - a scroll of enchant weapon {unknown}
Potions
 c - 6 potions of curing {unknown}
 e - 3 potions of berserk rage
 h - 2 potions of might {unknown}
 j - a potion of flight {unknown}
 k - 4 potions of resistance {unknown}
 l - a potion of lignification {unknown}
 q - a potion of cancellation {unknown}
 s - a potion of attraction {unknown}
 t - 2 potions of haste {unknown}
 x - 2 potions of degeneration {unknown}
 D - a potion of ambrosia {unknown}
 G - a potion of brilliance {unknown}


   Skills:
 + Level 8.6 Fighting
 - Level 8.0 Bows
 + Level 3.3 Dodging
 - Level 3.0 Stealth
 + Level 4.8 Spellcasting
 + Level 10.2 Conjurations
 + Level 7.0 Ice Magic
 + Level 10.0 Air Magic


You had 11 spell levels left.
You knew the following spells:

 Your Spells              Type           Power      Damage    Failure   Level
a - Mephitic Cloud        Conj/Pois/Air  41%        N/A       1%          3
b - Freezing Cloud        Conj/Ice/Air   26%        6-21      5%          5

Your spell library contained the following spells:

 Spells                   Type           Power      Damage    Failure   Level
 Magic Dart               Conj           100%       1d8       1%          1
 Ozocubu's Armour         Ice            42%        N/A       1%          3
 Ensorcelled Hibernation  Hex/Ice        48%        N/A       3%          2
 Beastly Appendage        Tmut           12%        N/A       9%          1
 Call Imp                 Summ           6%         N/A       13%         2
 Wereblood                Tmut           6%         N/A       13%         2
 Ignite Poison            Fire/Tmut/Pois 6%         N/A       26%         3
 Spider Form              Tmut/Pois      6%         N/A       26%         3
 Metabolic Englaciation   Hex/Ice        12%        N/A       50%         5
 Anguish                  Hex/Necr       3%         N/A       65%         4
 Simulacrum               Ice/Necr       12%        N/A       97%         6


Dungeon Overview and Level Annotations

Branches:
Dungeon (10/15)            Temple (0/1) D:5          Bailey (visited)
   Lair: D:8-11         Orc: D:9-12

Altars:
Ashenzari
Cheibriados
Dithmenos
Elyvilon
Gozag
Kikubaaqudgha
Makhleb
Qazlal
Sif Muna
Trog
Vehumet
Xom
Zin

Annotations:
D:3 Sigmund
D:7 Dowan, Duvessa


Innate Abilities, Weirdness & Mutations

You have a beak for a mouth.
You have claws for feet.
Your magical nature lets you fly swiftly and evasively.


Message History

An ogre comes into view. It is wielding a +0 giant club.
The two-headed ogre is engulfed in freezing vapours.
The death yak is engulfed in freezing vapours. x2
That beam is likely to hit you.
Continue anyway?
The ogre shouts!
You are engulfed in freezing vapours.
An ogre mage comes into view. It is wielding a +0 halberd.
A death yak comes into view.
The death yak is engulfed in freezing vapours. x2
A yak comes into view.
The death yak is engulfed in freezing vapours. x3
You block the death yak's attack.
The death yak is engulfed in freezing vapours. x4
The death yak barely misses you.
The death yak is engulfed in freezing vapours.
You shoot an arrow. The arrow barely misses the death yak.
The death yak bellows!
The ogre mage shouts!
The arrow hits the death yak!
The arrow freezes the death yak.
The death yak is heavily wounded.
You hear two shouts!
The death yak is engulfed in freezing vapours.
A two-headed ogre comes into view.
It is wielding a +0 giant spiked club and a +0 giant club.
The ogre mage casts a spell.
The ogre mage flickers and vanishes!
Deactivating autopickup; reactivate with Ctrl-A.
A two-headed ogre comes into view. It is wielding two +0 giant clubs.
The death yak is engulfed in freezing vapours. x2
The death yak barely misses you.
The death yak is engulfed in freezing vapours.
The death yak gores you!
Really fly into that cloud of freezing vapour?
You are engulfed in freezing vapours.
Ouch! That really hurt!
* * * LOW HITPOINT WARNING * * *
The death yak is engulfed in freezing vapours.
You kill the death yak!
Cheibriados appreciates the change of pace.
The death yak is engulfed in freezing vapours. x3
The death yak gores you!!
You die...

O........# ..#
O........###..#
..OY..........
..§§§........
§.§Y§.§....#
.§§§☼§§....#
§§○§§YY...##
#§§§Y.)..#
#.O#§@#.## ...
#..# .. . #)..
.# ..... #
.....## ......#
.......#
.......##


You could see 4 death yaks, a two-headed ogre, a yak and an ogre.

Vanquished Creatures
  Erica (D:7)
  A two-headed ogre (D:10)
  A death yak (D:10)
  Maggie (D:7)
  A gargoyle (D:10)
  Psyche (D:8)
  3 trolls
  Prince Ribbit (D:7)
  A hornet (D:8)
  A shadow (D:10)
  10 yaks
  A wyvern (D:8)
  Grum (D:8)
  3 steam dragons
  3 acid dragons
  A water moccasin (D:7)
  Pargi (D:3)
  4 orc warriors
  A sky beast (D:6)
  2 black bears
  7 wolves
  7 bullfrogs
  10 gnoll sergeants
  2 scorpions
  4 necrophages
  4 wights (D:8)
  11 killer bees
  2 jellies
  6 howler monkeys (D:9)
  4 orc priests
  7 gnoll shamans
  6 hounds
  Jessica (D:3)
  11 orc wizards
  An iguana (D:5)
  30 gnolls
  6 adders
  3 shadow imps
  A white imp (D:6)
  An ufetubus (D:5)
  5 dart slugs
  33 orcs
  6 endoplasms
  2 giant cockroaches
  16 goblins
  9 hobgoblins
  5 jackals (D:4)
  5 kobolds
  3 quokkas
  5 ball pythons
  2 bats
  A frilled lizard (D:1)
  6 rats
261 creatures vanquished.

Vanquished Creatures (collateral kills)
  A killer bee (D:6)
1 creature vanquished.

Vanquished Creatures (others)
  8 plants
8 creatures vanquished.

Grand Total: 270 creatures vanquished

Notes
Turn   | Place    | Note
-------+----------+-------------------------------------------
     0 | D:1      | freelancePsychic the Tengu Hunter began the quest for the
                  | Orb.
     0 | D:1      | Reached XP level 1. HP: 12/12 MP: 2/2
    68 | D:1      | You fall into a shaft and drop 1 floor!
    83 | D:1      | Reached XP level 2. HP: 14/17 MP: 3/3
   610 | D:1      | Found a faded altar of an unknown god.
   816 | D:2      | Reached skill level 5 in Bows
   816 | D:2      | Reached XP level 3. HP: 7/22 MP: 4/4
  1614 | D:3      | Noticed an orc warrior
  1624 | D:2      | Reached XP level 4. HP: 25/27 MP: 5/5
  1807 | D:3      | Killed an orc warrior
  1808 | D:3      | Gained mutation: Your magical nature lets you fly swiftly
                  | and evasively. [Tengu growth]
  1808 | D:3      | Reached XP level 5. HP: 22/32 MP: 6/6
  1856 | D:4      | Found a snail-covered altar of Cheibriados.
  1949 | D:4      | Became a worshipper of Cheibriados the Contemplative
  2253 | D:4      | Reached XP level 6. HP: 20/37 MP: 7/7
  2256 | D:4      | Reached skill level 1 in Conjurations
  2256 | D:4      | Reached skill level 1 in Air Magic
  2780 | D:4      | Learned a level 3 spell: Mephitic Cloud
  3178 | D:3      | Identified a scroll of acquirement
  3178 | D:3      | Acquired a +1 shortbow of freezing
  3191 | D:3      | Found a shimmering blue altar of Sif Muna.
  3325 | D:3      | Reached * piety under Cheibriados
  3325 | D:3      | Noticed Pargi
  3358 | D:3      | Killed Pargi
  3359 | D:3      | Reached skill level 1 in Ice Magic
  3444 | D:3      | Noticed Jessica
  3445 | D:3      | Killed Jessica
  3446 | D:3      | Reached XP level 7. HP: 43/43 MP: 8/8
  3501 | D:3      | Found a bloodstained altar of Trog.
  3568 | D:3      | Noticed Sigmund
  3609 | D:5      | Entered Level 5 of the Dungeon
  3707 | D:5      | Found a radiant altar of Vehumet.
  3748 | D:5      | Found a staircase to the Ecumenical Temple.
  3900 | D:5      | Found a stormy altar of Qazlal.
  4042 | D:5      | Reached ** piety under Cheibriados
  4068 | D:5      | Found a broken altar of Ashenzari.
  4083 | D:5      | Found a shimmering altar of Xom.
  4200 | D:5      | Reached XP level 8. HP: 48/48 MP: 9/9
  4750 | D:6      | Noticed a troll
  4760 | D:6      | Reached skill level 5 in Fighting
  4816 | D:6      | Found a white marble altar of Elyvilon.
  4948 | D:6      | Reached skill level 5 in Conjurations
  4948 | D:6      | Reached skill level 5 in Air Magic
  5079 | D:6      | Killed a troll
  5347 | D:6      | Reached XP level 9. HP: 41/55 MP: 10/10
  5423 | D:6      | Found an ancient bone altar of Kikubaaqudgha.
  5483 | D:7      | Found a shadowy altar of Dithmenos.
  5514 | D:7      | Noticed Prince Ribbit
  5518 | D:7      | Reached *** piety under Cheibriados
  5524 | D:7      | Killed Prince Ribbit
  5601 | D:7      | Noticed Maggie
  5624 | D:7      | Killed Maggie
  5690 | D:7      | Learned a level 5 spell: Freezing Cloud
  5727 | D:7      | Found a burning altar of Makhleb.
  5747 | D:7      | Noticed Dowan
  5759 | D:7      | Noticed Duvessa
  5820 | D:7      | Found a glowing silver altar of Zin.
  6069 | D:8      | Noticed Erica
  6080 | D:7      | Killed Erica
  6081 | D:7      | Reached skill level 1 in Spellcasting
  6081 | D:7      | Reached skill level 5 in Ice Magic
  6081 | D:7      | Reached XP level 10. HP: 61/61 MP: 8/13
  6225 | D:8      | Noticed Psyche
  6232 | D:8      | Killed Psyche
  6306 | D:8      | Found a flagged portal.
  6316 | Bailey   | Entered a bailey
  6321 | Bailey   | Reached **** piety under Cheibriados
  6604 | Bailey   | Identified the +4 bardiche "Gomifarr" {vorpal, rElec Int+8}
  6614 | Bailey   | Reached ***** piety under Cheibriados
  7022 | D:8      | Noticed Grum
  7033 | D:8      | Killed Grum
  7045 | D:8      | Reached XP level 11. HP: 68/68 MP: 7/17
  7117 | D:8      | Found an opulent altar of Gozag.
  8439 | D:10     | Entered Level 10 of the Dungeon
  8441 | D:10     | Reached ****** piety under Cheibriados
  8452 | D:10     | Noticed a two-headed ogre
  8551 | D:10     | Reached skill level 10 in Conjurations
  8600 | D:10     | Killed a two-headed ogre
  8601 | D:10     | Reached skill level 10 in Air Magic
  8629 | D:10     | Noticed a death yak
  8630 | D:10     | Noticed a two-headed ogre
  8631 | D:10     | Noticed a death yak
  8633 | D:10     | Noticed a death yak
  8633 | D:10     | Noticed a death yak
  8635 | D:10     | Noticed an ogre mage
  8635 | D:10     | Noticed a death yak
  8637 | D:10     | Noticed a two-headed ogre
  8637 | D:10     | Noticed a two-headed ogre
  8638 | D:10     | Killed a death yak
  8638 | D:10     | Mangled by a death yak

Illustrated notes

Levels and vault maps discovered:
D:1:      sevenhm_arrival_forest_fort_small_3, layout_basic,
          shapermc_ecumenical_altar_pompeii, minivault_19
D:2:      layout_basic, minmay_goblin_outpost
D:3:      layout_basic, kennysheep_orc_sif_temple, trog_butcher_becter,
          uniq_jessica, uniq_pargi, uniq_sigmund
D:4:      layout_loops_corners, lemuel_crystal_altar
D:5:      layout_gridville, general_overflow_altar,
          mainiacjoe_overflow_concentric_impassable,
          lemuel_coloured_pillars_altar, ashenzari_altar_1,
          minmay_temple_entry_waves, nicolae_elevator_lobby_plus
D:6:      layout_loops_cross, mainiacjoe_overflow_surrounded_room,
          mainiacjoe_overflow_alcove_2, serial_glass, glass_columns_a,
          glass_columns_a, serial_bayou_crossing
D:7:      layout_cave_pools, zin_statuary, mainiacjoe_overflow_chevrons,
          lemuel_crystal_altar, uniq_prince_ribbit1, uniq_maggie, uniq_duvessa
D:8:      layout_gridville, nicolae_gozag_cash_rules_everything_around_me,
          enter_bailey_2, uniq_grum, uniq_psyche, uniq_erica
D:9:      layout_loops_ring
D:10:     layout_cave_pools, dpeg_lair_monsters, serial_shops, shop

Skill      XL: |  1  2  3  4  5  6  7  8  9 10 11 |
---------------+----------------------------------+-----
Bows           | 5 6 7 8 |  8.0
Stealth        | 2 3 |  3.0
Fighting       | 3 4 5 6 7 8 |  8.6
Conjurations   | 2 4 5 7 9 10 | 10.2
Air Magic      | 2 4 5 7 9 10 | 10.0
Ice Magic      | 1 2 3 5 6 7 |  7.0
Spellcasting   | 1 3 4 |  4.8
Dodging        | 3 |  3.3

Action                   |  1- 3 |  4- 6 |  7- 9 | 10-12 || total
-------------------------+-------+-------+-------+-------++-------
Melee: Shortbow          |       |     1 |       |     1 ||     2
       Peck              |       |       |       |     1 ||     1
 Fire: Shortbow          |   106 |   110 |   244 |   273 ||   733
 Cast: Mephitic Cloud    |       |       |    15 |    30 ||    45
       Freezing Cloud    |       |       |       |    17 ||    17
Evoke: Wand              |       |       |     1 |       ||     1
  Use: Scroll            |       |     5 |     6 |     1 ||    12
       Potion            |       |     1 |     1 |       ||     2
Armor: Leather armour    |     9 |     5 |       |       ||    14
       Troll leather arm |       |       |    17 |    10 ||    27
Dodge: Dodged            |    30 |    41 |    87 |    88 ||   246
Block: Other             |       |    11 |    33 |    14 ||    58
       Reflection        |       |     3 |       |     2 ||     5

Table legend: (Time is in decaauts)
 A = Elapsed time spent in this place.
 B = Non-inter-level travel time spent in this place.
 C = Inter-level travel time spent in this place.
 D = Time resting spent in this place.
 E = Time spent auto-exploring this place.
 F = Levels seen in this place.
 G = Mean time per level.
                   A        B        C        D        E       F      G
               +--------+--------+--------+--------+--------+-----+--------+
         Total |  10837 |  10406 |    431 |    275 |   8220 |  11 |  985.2 |
       Dungeon |   9964 |   9533 |    431 |    275 |   7639 |  10 |  996.4 |
        Bailey |    873 |    873 |      0 |      0 |    581 |   1 |  873.0 |
               +--------+--------+--------+--------+--------+-----+--------+

Top non-repeatable levels by time:
     D:9: 1815 daAuts
     D:4: 1504 daAuts
     D:6: 1239 daAuts
     D:5: 1197 daAuts
     D:1: 993 daAuts
     D:7: 875 daAuts
  Bailey: 873 daAuts
     D:8: 783 daAuts
     D:3: 748 daAuts
     D:2: 694 daAuts
    D:10: 112 daAuts
